 Dungeon Crawl Stone Soup version 0.29-a0-483-g69413ace17 (webtiles) character file.

Game seed: 14291856731045646199

580 xian the Conjurer (level 7, -3/53 HPs)
             Began as a Green Draconian Conjurer on May 26, 2022.
             Slain by Prince Ribbit (13 damage)
             ... on level 4 of the Dungeon.
             The game lasted 00:09:43 (5242 turns).

xian the Conjurer (Green Draconian Conjurer)        Turns: 5242, Time: 00:09:43

Health: -3/53      AC:  8    Str:  9    XL:     7   Next: 13%
Magic:  11/13      EV: 12    Int: 23    God:
Gold:   219        SH:  0    Dex:  9    Spells: 7/14 levels left

rFire   . . .      SeeInvis .   s - +2 hand axe (flame)
rCold   . . .      Faith    .   (no shield)
rNeg    . . .      Spirit   .   (body armour unavailable)
rPois   +          Reflect  .   (helmet restricted)
rElec   .          Harm     .   (no cloak)
rCorr   .          Rampage  .   (no gloves)
Will    .....                   p - +1 pair of boots
Stlth   ++........              (no amulet)
HPRegen 0.00/turn               d - ring of poison resistance
MPRegen 0.13/turn               (no ring)

@: short of breath, inhibited regen
A: breathe noxious fumes, AC +6, unfitting armour, poison resistance,
cold-blooded, clever 1, deterioration 2, inhibited regeneration
a: Breathe Noxious Fumes


You were on level 4 of the Dungeon.
You visited 1 branch of the dungeon, and saw 5 of its levels.

You collected 219 gold pieces.

Inventory:

Hand Weapons
 s - a +2 hand axe of flaming (weapon)
Missiles
 q - 3 atropa-tipped darts
 r - 5 javelins
Armour
 p - a +1 pair of boots (worn)
Jewellery
 d - a ring of poison resistance (left hand)
 t - the ring of Henotheism {EV+4 Int+2}
   (You found it on level 4 of the Dungeon)

   [ring of evasion]

   EV:        It affects your evasion (+4).
   Int:       It affects your intelligence (+2).
Scrolls
 e - 3 scrolls of noise {unknown}
 f - 2 scrolls of enchant armour {unknown}
 h - a scroll of acquirement {unknown}
 j - 2 scrolls of immolation {unknown}
 k - 2 scrolls of fog {unknown}
 m - 4 scrolls of identify {unknown}
 n - 2 scrolls of amnesia {unknown}
 o - a scroll of magic mapping {unknown}
Potions
 a - 2 potions of magic
 b - a potion of heal wounds {unknown}
 c - 2 potions of mutation
 g - 3 potions of degeneration {unknown}
 i - 2 potions of curing {unknown}
 l - a potion of resistance {unknown}


   Skills:
 + Level 1.9 Fighting
 + Level 1.3 Short Blades
 + Level 1.0 Axes
 + Level 3.1 Dodging
 + Level 3.1 Stealth
 + Level 4.0 Spellcasting
 + Level 5.9 Conjurations


You had 7 spell levels left.
You knew the following spells:

 Your Spells              Type           Power      Damage    Failure   Level
a - Magic Dart            Conj           100%       1d8       1%          1
b - Searing Ray           Conj           62%        2d6       1%          2
c - Iskenderun's Mystic   Conj/Tloc      18%        2d6       30%         4

Your spell library contained the following spells:

 Spells                   Type           Power      Damage    Failure   Level
 Dazzling Flash           Conj/Hex       36%        N/A       10%         3
 Tukima's Dance           Hex            4%         N/A       30%         3
 Fulminant Prism          Conj/Hex       9%         3d7       30%         4
 Passage of Golubria      Tloc           4%         N/A       71%         4
 Yara's Violent Unravell  Hex/Tmut       2%         3d3       96%         5


Dungeon Overview and Level Annotations

Branches:
Dungeon (5/15)
 Temple: D:4-7

Altars:

Annotations:
D:4 Prince Ribbit


Innate Abilities, Weirdness & Mutations

You can breathe blasts of noxious fumes.
Your lurid green scales are hard. (AC +6)
You cannot fit into any form of body armour.
Your system is resistant to poisons. (rPois)
You are cold-blooded and may be slowed by cold attacks.
Your mind is acute. (Int +2)
Your body often deteriorates upon taking damage.
You do not regenerate when monsters are visible.


Message History

Aim: a jelly (noxious fumes, almost dead, 100% to hit)
The searing ray hits the jelly!
You kill the jelly! (Press . to maintain the ray.)
The dart slug barely misses you.
Your Axes skill increases to level 1!
You hit the dart slug but do no damage.
You tail-slap the dart slug, but do no damage.
The dart slug is moderately wounded.
You hit the dart slug but do no damage.
You tail-slap the dart slug, but do no damage.
The dart slug is moderately wounded.
The dart slug barely misses you.
You hit the dart slug. You burn the dart slug.
You kill the dart slug!
Your Spellcasting skill increases to level 4!
You see here a dart slug corpse.
You see here a dart slug corpse.
Things that are here:
a +0 trident; an orc corpse
Things that are here:
a +0 hand axe; a +0 leather armour; an orc corpse
Things that are here:
a +0 hand axe; a boomerang You open the door.
Prince Ribbit comes into view.
You can't do that yet.
Prince Ribbit gives a loud, deep croak!
You hear an angry hiss.
You hear a shout! x2
Things that are here:
a +0 hand axe; a +0 leather armour; an orc corpse You hear a shout! x4; You hear an angry hiss.
You hear a shout!
There is a stone staircase leading up here.
You can't go down here!
Prince Ribbit barely misses you.
You climb upwards.
There is a stone staircase leading down here.
You are no longer corroded.
Prince Ribbit hits you!
You die...

####### #.....# #.....##
#.....<# #.....## #.....#
################### #.....#
#>@................
###†#####F...>.............
#......##.#################
#......##.# #....#
#<.....##.# #....#
###'#####.# #....# #.#
#.#####....#
#)#####..........#
#....#########'###


You could see Prince Ribbit.

Vanquished Creatures
  A black bear (D:4)
  A scorpion (D:4)
  A jelly (D:5)
  2 orc priests
  2 hounds (D:4)
  Jessica (D:2)
  An orc wizard (D:4)
  2 iguanas (D:4)
  9 adders
  2 worms (D:2)
  6 dart slugs
  9 orcs
  2 ball pythons (D:3)
  10 endoplasms
  3 giant cockroaches
  8 goblins
  5 hobgoblins
  2 quokkas (D:1)
  5 bats
  2 frilled lizards (D:2)
  7 kobolds
  3 rats (D:2)
84 creatures vanquished.

Vanquished Creatures (others)
  A hobgoblin (D:1)
1 creature vanquished.

Grand Total: 85 creatures vanquished

Notes
Turn   | Place    | Note
-------+----------+-------------------------------------------
     0 | D:1      | xian the Draconian Conjurer began the quest for the Orb.
     0 | D:1      | Reached XP level 1. HP: 14/14 MP: 3/3
   291 | D:1      | Reached XP level 2. HP: 16/20 MP: 5/5
   763 | D:1      | Found a faded altar of an unknown god.
  1286 | D:2      | Reached XP level 3. HP: 14/26 MP: 3/6
  1633 | D:2      | Noticed Jessica
  1635 | D:2      | Killed Jessica
  1636 | D:2      | Reached XP level 4. HP: 34/34 MP: 4/7
  2118 | D:2      | Reached skill level 1 in Short Blades
  3213 | D:3      | Reached skill level 5 in Conjurations
  3312 | D:3      | Reached skill level 1 in Fighting
  3312 | D:3      | Reached XP level 5. HP: 40/40 MP: 4/8
  3596 | D:4      | Learned a level 2 spell: Searing Ray
  3601 | D:4      | Learned a level 4 spell: Iskenderun's Mystic Blast
  3730 | D:4      | Identified the ring of Henotheism {EV+4 Int+2}
  3785 | D:4      | Reached XP level 6. HP: 19/47 MP: 2/10
  5090 | D:4      | Your scales start taking on a lurid green colour.
  5090 | D:4      | Reached XP level 7. HP: 50/53 MP: 2/12
  5090 | D:4      | Gained mutation: Your system is resistant to poisons.
                  | (rPois) [Green Draconian growth]
  5208 | D:5      | Entered Level 5 of the Dungeon
  5226 | D:5      | Gained mutation: You do not regenerate when monsters are
                  | visible. [potion of mutation]
  5226 | D:5      | Gained mutation: Your body sometimes deteriorates upon
                  | taking damage. [potion of mutation]
  5226 | D:5      | Gained mutation: Your body often deteriorates upon taking
                  | damage. [potion of mutation]
  5226 | D:5      | Gained mutation: Your mind is acute. (Int +2) [potion of
                  | mutation]
  5228 | D:5      | Reached skill level 1 in Axes
  5237 | D:5      | Noticed Prince Ribbit
  5242 | D:4      | Slain by Prince Ribbit

Illustrated notes

Levels and vault maps discovered:
D:1:      dpeg_arrival_shelter, layout_basic,
          shapermc_ecumenical_altar_starsandcircs, minmay_misc_feat_more_columns
D:2:      kb_forest_paths, layout_loops_ring, uniq_jessica
D:3:      layout_basic, nrook_uturn, grunt_ministairs_8,
          kennysheep_generic_room_11
D:4:      layout_basic
D:5:      layout_gridville, nicolae_qazlal_general_emergency,
          minmay_temple_entry_butterflies, uniq_prince_ribbit1

Skill      XL: |  1  2  3  4  5  6  7 |
---------------+----------------------+-----
Stealth        | 2 3 |  3.1
Dodging        | 2 3 |  3.1
Short Blades   | 1 |  1.3
Conjurations   | 5 |  5.9
Fighting       | 1 |  1.9
Spellcasting   | 3 4 |  4.0
Axes           | 1 |  1.0

Action                   |  1- 3 |  4- 6 |  7- 9 || total
-------------------------+-------+-------+-------++-------
Melee: Unarmed           |    13 |       |       ||    13
       Short sword       |    34 |     5 |       ||    39
       Tailslap          |     4 |     2 |     4 ||    10
       Hand axe          |       |    21 |    12 ||    33
       Punch             |       |     1 |       ||     1
 Cast: Magic Dart        |    30 |   133 |       ||   163
       Searing Ray       |       |     4 |     2 ||     6
 Abil: Breathe Noxious F |       |       |     2 ||     2
  Use: Potion            |       |       |     1 ||     1
 Stab: Sleeping          |     1 |       |       ||     1
Armor: Skin              |    13 |    37 |     6 ||    56
Dodge: Dodged            |    31 |    49 |    16 ||    96

Table legend: (Time is in decaauts)
 A = Elapsed time spent in this place.
 B = Non-inter-level travel time spent in this place.
 C = Inter-level travel time spent in this place.
 D = Time resting spent in this place.
 E = Time spent auto-exploring this place.
 F = Levels seen in this place.
 G = Mean time per level.
                   A        B        C        D        E       F      G
               +--------+--------+--------+--------+--------+-----+--------+
         Total |   5252 |   5086 |    166 |    280 |   4077 |   5 | 1050.4 |
       Dungeon |   5252 |   5086 |    166 |    280 |   4077 |   5 | 1050.4 |
               +--------+--------+--------+--------+--------+-----+--------+

Top non-repeatable levels by time:
     D:4: 1789 daAuts
     D:2: 1310 daAuts
     D:3: 1079 daAuts
     D:1: 1038 daAuts
     D:5: 35 daAuts
